| TOP OF THE 1ST |
|
Columbia Fireflies batting - Pitching for Pensacola Blue Wahoos : RHP Jeremy Whooley
|
|
Pitching: RHP Jeremy Whooley
|
|
|
Batting: RHB Billy Walker
|
0-0: Called Strike 0-1: Ball 1-1: Foul Ball, location: 2F 1-2: Ground out 6-3 (Groundball, 6, EV 108.1 MPH)
|
|
Batting: LHB Joey Biber
|
0-0: Ball 1-0: Ground out 3-1 (Groundball, 34S, EV 88.1 MPH)
|
|
Batting: RHB Jeff MacPhee
|
0-0: Ball 1-0: Ball 2-0: Ground out 5-3 (Groundball, 56, EV 81.3 MPH)
|
| Top of the 1st over - 0 runs, 0 hits, 0 errors, 0 left on base; Columbia 0 - Pensacola 0 |
| BOTTOM OF THE 1ST |
|
Pensacola Blue Wahoos batting - Pitching for Columbia Fireflies : LHP David Mars
|
|
Pitching: LHP David Mars
|
|
|
Batting: RHB Danny Powell
|
0-0: Ground out 4-3 (Groundball, 4, EV 88.8 MPH)
|
|
Batting: RHB Tim Wormell
|
0-0: Foul Ball, location: 2F 0-1: Swinging Strike 0-2: Foul Ball, location: 2F 0-2: Foul Ball, location: 2F 0-2: Ball 1-2: Ball 2-2: Ball 3-2: Ground out 4-3 (Groundball, 4, EV 87.5 MPH)
|
|
Batting: RHB Joseph Kirchmann
|
0-0: Ground out 5-3 (Groundball, 56S, EV 61.9 MPH)
|
| Bottom of the 1st over - 0 runs, 0 hits, 0 errors, 0 left on base; Columbia 0 - Pensacola 0 |
| TOP OF THE 2ND |
|
Columbia Fireflies batting - Pitching for Pensacola Blue Wahoos : RHP Jeremy Whooley
|
|
Batting: LHB Marc Durgin
|
0-0: DOUBLE (Line Drive, 89XD, EV 107.5 MPH)
|
|
Batting: RHB Bobby Mabrey
|
0-0: Ball 1-0: Ball 2-0: Ground out 6-3 (Groundball, 56D, EV 81.9 MPH)
|
|
Batting: RHB Mike Phillips
|
0-0: Ball 1-0: Ball 2-0: Ball 3-0: Base on Balls
|
|
Batting: LHB Roy Blonski
|
0-0: Ball 1-0: Foul Ball, location: 2F 1-1: Fly out, F7 (Flyball, 78M, EV 91.3 MPH)
|
|
Batting: RHB Jonathan Jelich
|
0-0: Called Strike 0-1: Ball 1-1: Ball 2-1: Called Strike 2-2: Ball 3-2: Base on Balls Marc Durgin to third Mike Phillips to second
|
|
Batting: RHB Ricky Trejo
|
0-0: Ball 1-0: Fielders Choice at 2nd, 5-4 (Groundball, 56, EV 89.4 MPH)
|
| Top of the 2nd over - 0 runs, 1 hit, 0 errors, 3 left on base; Columbia 0 - Pensacola 0 |
| BOTTOM OF THE 2ND |
|
Pensacola Blue Wahoos batting - Pitching for Columbia Fireflies : LHP David Mars
|
|
Batting: RHB David Clough
|
0-0: Ball 1-0: Ball 2-0: Ball 3-0: Called Strike 3-1: SINGLE (Flyball, 7S, EV 90.0 MPH)
|
|
Batting: RHB Ricky Carbajal
|
0-0: SINGLE (Flyball, 89S, EV 91.9 MPH) David Clough to second Runner from 2nd tries for 3rd, SAFE, throw by RF made to third
|
|
Batting: RHB Jon Marquez
|
0-0: Ball 1-0: Called Strike 1-1: Ball 2-1: 3-RUN HOME RUN (Flyball, 7LD, EV 95.6 MPH), Distance : 350 ft
|
|
Batting: RHB Jose Caraballo
|
0-0: Ball 1-0: Called Strike 1-1: Called Strike 1-2: Ground out 3-1 (Groundball, 34, EV 106.9 MPH)
|
|
Batting: LHB Manny Ruvalcaba
|
0-0: Called Strike 0-1: Ball 1-1: Ball 2-1: Ball 3-1: Called Strike 3-2: Strikes out swinging
|
|
Batting: LHB James Himes
|
0-0: Ground out 5-3 (Groundball, 15, EV 84.4 MPH)
|
| Bottom of the 2nd over - 3 runs, 3 hits, 0 errors, 0 left on base; Columbia 0 - Pensacola 3 |
| TOP OF THE 3RD |
|
Columbia Fireflies batting - Pitching for Pensacola Blue Wahoos : RHP Jeremy Whooley
|
|
Batting: RHB Billy Walker
|
0-0: Ball 1-0: Ball 2-0: Foul Ball, location: 2F 2-1: Ball 3-1: Base on Balls
|
|
Batting: LHB Joey Biber
|
0-0: Ball 1-0: Foul Ball, location: 2F 1-1: Fly out, F7 (Line Drive, 7D, EV 96.3 MPH)
|
|
Batting: RHB Jeff MacPhee
|
0-0: Ball 1-0: Called Strike 1-1: Swinging Strike 1-2: Ball 2-2: Ball 3-2: Fielders Choice at 2nd, 3-6 (Groundball, 34S, EV 88.8 MPH)
|
|
Batting: LHB Marc Durgin
|
0-0: Foul Ball, location: 2F 0-1: Called Strike 0-2: Ball 1-2: SINGLE (Groundball, 34, EV 103.1 MPH) Jeff MacPhee to second Runner from 2nd tries for 3rd, SAFE, throw by RF made to third
|
|
Batting: RHB Bobby Mabrey
|
0-0: Ball 1-0: Ball 2-0: Called Strike 2-1: Ball 3-1: Base on Balls Marc Durgin to second
|
|
Batting: RHB Mike Phillips
|
0-0: Called Strike 0-1: Foul Ball, location: 2F 0-2: Ball 1-2: Foul Ball, location: 2F 1-2: Strikes out swinging
|
| Top of the 3rd over - 0 runs, 1 hit, 0 errors, 3 left on base; Columbia 0 - Pensacola 3 |
| BOTTOM OF THE 3RD |
|
Pensacola Blue Wahoos batting - Pitching for Columbia Fireflies : LHP David Mars
|
|
Batting: RHB Danny Powell
|
0-0: Fly out, F9 (Flyball, 9S, EV 87.5 MPH)
|
|
Batting: RHB Tim Wormell
|
0-0: Fly out, F7 (Flyball, 7LS, EV 97.5 MPH)
|
|
Batting: RHB Joseph Kirchmann
|
0-0: Called Strike 0-1: Ball 1-1: Ball 2-1: Foul Ball, location: 2F 2-2: Foul Ball, location: 2F 2-2: Ball 3-2: Foul Ball, location: 2F 3-2: Ground out 5-3 (Groundball, 5S, EV 81.9 MPH)
|
| Bottom of the 3rd over - 0 runs, 0 hits, 0 errors, 0 left on base; Columbia 0 - Pensacola 3 |
| TOP OF THE 4TH |
|
Columbia Fireflies batting - Pitching for Pensacola Blue Wahoos : RHP Jeremy Whooley
|
|
Batting: LHB Roy Blonski
|
0-0: Ball 1-0: Ground out U3 (Groundball, 3, EV 81.3 MPH)
|
|
Batting: RHB Jonathan Jelich
|
0-0: Called Strike 0-1: Ground out 3-1 (Groundball, 34S, EV 78.1 MPH)
|
|
Batting: RHB Ricky Trejo
|
0-0: Foul Ball, location: 2F 0-1: Ball 1-1: Called Strike 1-2: Strikes out swinging passed ball, reaches first!
|
|
Batting: RHB Billy Walker
|
0-0: Ball 1-0: Ball 2-0: Ball 3-0: Called Strike 3-1: Base on Balls Ricky Trejo to second
|
|
Batting: LHB Joey Biber
|
0-0: Called Strike 0-1: Ground out U3 (Groundball, 34, EV 103.8 MPH)
|
| Top of the 4th over - 0 runs, 0 hits, 0 errors, 2 left on base; Columbia 0 - Pensacola 3 |
| BOTTOM OF THE 4TH |
|
Pensacola Blue Wahoos batting - Pitching for Columbia Fireflies : LHP David Mars
|
|
Batting: RHB David Clough
|
0-0: Called Strike 0-1: Ball 1-1: SINGLE (Groundball, 34D, EV 108.8 MPH)
|
|
Batting: RHB Ricky Carbajal
|
0-0: Ball 1-0: Swinging Strike 1-1: Foul Ball, location: 2F 1-2: Ball 2-2: Strikes out swinging
|
|
Batting: RHB Jon Marquez
|
0-0: SINGLE (Groundball, 25, EV 81.3 MPH) (infield hit) David Clough to second
|
|
Batting: RHB Jose Caraballo
|
0-0: Ball 1-0: Fielders Choice at 2nd, 6-4 (Groundball, 6, EV 106.3 MPH) David Clough to third
|
|
Batting: LHB Manny Ruvalcaba
|
0-0: Foul Ball, location: 2F 0-1: Ball 1-1: Foul Ball, location: 2F 1-2: Ball 2-2: Foul Ball, location: 2F 2-2: Strikes out swinging
|
| Bottom of the 4th over - 0 runs, 2 hits, 0 errors, 2 left on base; Columbia 0 - Pensacola 3 |
| TOP OF THE 5TH |
|
Columbia Fireflies batting - Pitching for Pensacola Blue Wahoos : RHP Jeremy Whooley
|
|
Batting: RHB Jeff MacPhee
|
0-0: Called Strike 0-1: Ball 1-1: Called Strike 1-2: DOUBLE (Line Drive, 89M, EV 92.5 MPH)
|
|
Batting: LHB Marc Durgin
|
0-0: Called Strike 0-1: Swinging Strike 0-2: Ball 1-2: DOUBLE (Line Drive, 89D, EV 106.9 MPH) Jeff MacPhee scores
|
|
Batting: RHB Bobby Mabrey
|
0-0: Ball 1-0: Foul Ball, location: 2F 1-1: Ground out 4-3 (Groundball, 4, EV 87.5 MPH) Marc Durgin to third
|
|
Pitching: RHP Erick Marcano
|
|
|
Batting: RHB Mike Phillips
|
0-0: Called Strike 0-1: 2-RUN HOME RUN (Flyball, 7D, EV 96.3 MPH), Distance : 375 ft
|
|
Batting: LHB Roy Blonski
|
0-0: Ball 1-0: Swinging Strike 1-1: Ball 2-1: Called Strike 2-2: Strikes out swinging
|
|
Batting: RHB Jonathan Jelich
|
0-0: Foul Ball, location: 2F 0-1: Swinging Strike 0-2: Ball 1-2: Ball 2-2: Strikes out looking
|
| Top of the 5th over - 3 runs, 3 hits, 0 errors, 0 left on base; Columbia 3 - Pensacola 3 |
| BOTTOM OF THE 5TH |
|
Pensacola Blue Wahoos batting - Pitching for Columbia Fireflies : LHP David Mars
|
|
Batting: LHB James Himes
|
0-0: Foul Ball, location: 2F 0-1: SINGLE (Groundball, 34D, EV 105.0 MPH)
|
|
Batting: RHB Danny Powell
|
0-0: Called Strike 0-1: Fly out, F7 (Line Drive, 7, EV 109.4 MPH)
|
|
Batting: RHB Tim Wormell
|
0-0: Ball 1-0: Foul Ball, location: 2F 1-1: Swinging Strike 1-2: 2-RUN HOME RUN (Flyball, 7D, EV 98.1 MPH), Distance : 388 ft
|
|
Pitching: RHP Bruce Charles
|
|
|
Batting: RHB Joseph Kirchmann
|
0-0: Called Strike 0-1: Foul Ball, location: 2F 0-2: Strikes out swinging
|
|
Batting: RHB David Clough
|
0-0: Ball 1-0: Ball 2-0: Ball 3-0: Called Strike 3-1: Base on Balls
|
|
Batting: RHB Ricky Carbajal
|
0-0: Ball 1-0: Ball 2-0: Ground out 1-3 (Groundball, 13, EV 66.3 MPH)
|
| Bottom of the 5th over - 2 runs, 2 hits, 0 errors, 1 left on base; Columbia 3 - Pensacola 5 |
| TOP OF THE 6TH |
|
Columbia Fireflies batting - Pitching for Pensacola Blue Wahoos : RHP Erick Marcano
|
|
Batting: RHB Ricky Trejo
|
0-0: Called Strike 0-1: Foul Ball, location: 2F 0-2: Ball 1-2: Ball 2-2: Foul Ball, location: 2F 2-2: Strikes out swinging
|
|
Batting: RHB Billy Walker
|
0-0: Ball 1-0: Called Strike 1-1: Ball 2-1: Foul Ball, location: 2F 2-2: Ball 3-2: Ground out 6-3 (Groundball, 6, EV 96.9 MPH)
|
|
Batting: LHB Joey Biber
|
0-0: Ball 1-0: Ball 2-0: SINGLE (Groundball, 34S, EV 64.4 MPH) (infield hit)
|
|
Batting: RHB Jeff MacPhee
|
0-0: Ball 1-0: Called Strike 1-1: DOUBLE (Line Drive, 89M, EV 107.5 MPH) Joey Biber to third Runner from 3rd tries for Home, SAFE, throw by RF to home
|
|
Batting: LHB Marc Durgin
|
0-0: Ball 1-0: SINGLE (Groundball, 6MS, EV 69.4 MPH) (infield hit) Jeff MacPhee to third
|
|
Batting: RHB Bobby Mabrey
|
0-0: Ball 1-0: Ball 2-0: Foul Ball, location: 2F 2-1: Fielders Choice at 2nd, 5-4 (Groundball, 5, EV 76.9 MPH)
|
| Top of the 6th over - 1 run, 3 hits, 0 errors, 2 left on base; Columbia 4 - Pensacola 5 |
| BOTTOM OF THE 6TH |
|
Pensacola Blue Wahoos batting - Pitching for Columbia Fireflies : RHP Bruce Charles
|
|
Batting: RHB Jon Marquez
|
0-0: Ball 1-0: Swinging Strike 1-1: Foul Ball, location: 2F 1-2: Strikes out swinging
|
|
Batting: RHB Jose Caraballo
|
0-0: Ball 1-0: Foul Ball, location: 2F 1-1: Foul Ball, location: 2F 1-2: Ball 2-2: Ground out 6-3 (Groundball, 6, EV 76.3 MPH)
|
|
Batting: LHB Manny Ruvalcaba
|
0-0: Called Strike 0-1: Ball 1-1: Foul Ball, location: 2F 1-2: Fly out, F5 (Popup, 6S, EV 80.0 MPH)
|
| Bottom of the 6th over - 0 runs, 0 hits, 0 errors, 0 left on base; Columbia 4 - Pensacola 5 |
| TOP OF THE 7TH |
|
Columbia Fireflies batting - Pitching for Pensacola Blue Wahoos : RHP Erick Marcano
|
|
Pitching: LHP Brian Whittall
|
|
|
Batting: RHB Mike Phillips
|
0-0: Fly out, F3 (Popup, 34, EV 66.3 MPH)
|
|
Pinch Hitting: RHB Bobby Campbell
|
0-0: Ball 1-0: Ball 2-0: Called Strike 2-1: DOUBLE (Line Drive, 7LS, EV 103.8 MPH)
|
|
Batting: RHB Jonathan Jelich
|
0-0: Ball 1-0: Fly out, F7 (Flyball, 7, EV 86.3 MPH)
|
|
Batting: RHB Ricky Trejo
|
0-0: SINGLE (Groundball, 56D, EV 98.1 MPH) Bobby Campbell to third
|
|
Batting: RHB Billy Walker
|
0-0: SINGLE (Line Drive, 5D, EV 93.8 MPH) Bobby Campbell scores Ricky Trejo to second
|
|
Batting: LHB Joey Biber
|
0-0: Ball 1-0: Called Strike 1-1: Foul Ball, location: 2F 1-2: Strikes out looking
|
| Top of the 7th over - 1 run, 3 hits, 0 errors, 2 left on base; Columbia 5 - Pensacola 5 |
| BOTTOM OF THE 7TH |
|
Pensacola Blue Wahoos batting - Pitching for Columbia Fireflies : RHP Bruce Charles
|
|
Pitching: RHP Battista Aldobrandini
|
|
|
Now at 1B: Tony Santiago
|
|
|
Pinch Hitting: RHB Pedro Pinero
|
0-0: Ball 1-0: Swinging Strike 1-1: Ball 2-1: Ground out 4-3 (Groundball, 34, EV 81.9 MPH)
|
|
Batting: RHB Danny Powell
|
0-0: Ground out 6-3 (Groundball, 6, EV 86.9 MPH)
|
|
Batting: RHB Tim Wormell
|
0-0: Ball 1-0: Foul Ball, location: 2F 1-1: Ball 2-1: Swinging Strike 2-2: Foul Ball, location: 2F 2-2: Ground out 6-3 (Groundball, 6, EV 89.4 MPH)
|
| Bottom of the 7th over - 0 runs, 0 hits, 0 errors, 0 left on base; Columbia 5 - Pensacola 5 |
| TOP OF THE 8TH |
|
Columbia Fireflies batting - Pitching for Pensacola Blue Wahoos : LHP Brian Whittall
|
|
Now at SS: Pedro Pinero
|
|
|
Batting: RHB Jeff MacPhee
|
0-0: Ball 1-0: Swinging Strike 1-1: Ball 2-1: Called Strike 2-2: Strikes out swinging
|
|
Pinch Hitting: RHB Shawn Mathews
|
0-0: Ball 1-0: Fly out, F3 (Popup, 3L, EV 66.3 MPH)
|
|
Batting: RHB Bobby Mabrey
|
0-0: Ball 1-0: Ball 2-0: Called Strike 2-1: Called Strike 2-2: Foul Ball, location: 2F 2-2: SINGLE (Groundball, 4MD, EV 96.9 MPH)
|
|
Batting: RHB Mike Phillips
|
0-0: Foul Ball, location: 2F 0-1: Fly out, F7 (Flyball, 7S, EV 84.4 MPH)
|
| Top of the 8th over - 0 runs, 1 hit, 0 errors, 1 left on base; Columbia 5 - Pensacola 5 |
| BOTTOM OF THE 8TH |
|
Pensacola Blue Wahoos batting - Pitching for Columbia Fireflies : RHP Battista Aldobrandini
|
|
Now in CF: Pete DeHart
|
|
|
Batting: RHB Joseph Kirchmann
|
0-0: Swinging Strike 0-1: SINGLE (Line Drive, 4M, EV 105.6 MPH)
|
|
Batting: RHB David Clough
|
0-0: Ball Joseph Kirchmann steals 2nd base 1-0: Ground out 5-3 (Groundball, 56, EV 85.0 MPH)
|
|
Batting: RHB Ricky Carbajal
|
0-0: Ball 1-0: Called Strike 1-1: Ball 2-1: Swinging Strike 2-2: Ball 3-2: Foul Ball, location: 2F 3-2: Ground out 6-3 (Groundball, 6, EV 85.6 MPH) Joseph Kirchmann to third
|
|
Batting: RHB Jon Marquez
|
0-0: Fly out, F9 (Line Drive, 9, EV 95.6 MPH)
|
| Bottom of the 8th over - 0 runs, 1 hit, 0 errors, 1 left on base; Columbia 5 - Pensacola 5 |
| TOP OF THE 9TH |
|
Columbia Fireflies batting - Pitching for Pensacola Blue Wahoos : LHP Brian Whittall
|
|
Pitching: RHP Ben Jennings
|
|
|
Batting: LHB Tony Santiago
|
0-0: Ball 1-0: Foul Ball, location: 2F 1-1: Swinging Strike 1-2: SINGLE (Groundball, 6D, EV 102.5 MPH)
|
|
Batting: RHB Jonathan Jelich
|
0-0: Ball 1-0: Bunted foul 1-1: Bunted foul 1-2: Foul Ball, location: 2F 1-2: SINGLE (Line Drive, 89S, EV 103.1 MPH) Tony Santiago to second
|
|
Batting: RHB Ricky Trejo
|
0-0: Ball 1-0: Bunt missed! 1-1: Ball 2-1: Sac Bunt to P - play at first, batter OUT! 1-4 Tony Santiago to third Jonathan Jelich to second
|
|
Batting: RHB Billy Walker
|
0-0: Called Strike 0-1: Ball 1-1: Swinging Strike 1-2: Strikes out looking
|
|
Batting: LHB Joey Biber
|
0-0: Intentional Walk
|
|
Batting: RHB Jeff MacPhee
|
0-0: Swinging Strike 0-1: Ball 1-1: Ball 2-1: Ball 3-1: Foul Ball, location: 2F 3-2: SINGLE (Groundball, P, EV 87.5 MPH) (infield hit) Tony Santiago scores Jonathan Jelich to third Joey Biber to second
|
|
Batting: LHB Pete DeHart
|
0-0: Called Strike 0-1: Swinging Strike 0-2: Fly out, F7 (Flyball, 78XD, EV 107.5 MPH)
|
| Top of the 9th over - 1 run, 3 hits, 0 errors, 3 left on base; Columbia 6 - Pensacola 5 |
| BOTTOM OF THE 9TH |
|
Pensacola Blue Wahoos batting - Pitching for Columbia Fireflies : RHP Battista Aldobrandini
|
|
Pitching: RHP Ryan Wilson
|
|
|
Now in LF: Pete DeHart
|
|
|
Now in CF: Yoshiro Higuchi
|
|
|
Pinch Hitting: LHB Steven Wamble
|
0-0: Swinging Strike 0-1: Ball 1-1: Foul Ball, location: 2F 1-2: Strikes out looking
|
|
Batting: LHB Manny Ruvalcaba
|
0-0: Called Strike 0-1: Fly out, F7 (Flyball, 7D, EV 106.3 MPH)
|
|
Batting: RHB Pedro Pinero
|
0-0: Foul Ball, location: 2F 0-1: Foul Ball, location: 2F 0-2: Foul Ball, location: 2F 0-2: Fly out, F5 (Popup, 5SF, EV 70.6 MPH)
|
| Bottom of the 9th over - 0 runs, 0 hits, 0 errors, 0 left on base; Columbia 6 - Pensacola 5 |
|